 Dungeon Crawl Stone Soup version 0.26-a0-606-g3c8f2f6 (webtiles) character file.

Game seed: 6731291812669082083

86 B1Gdaddy5 the Sneak (level 4, -2/28 HPs)
             Began as a Kobold Delver on Sept 2, 2020.
             Slain by Natasha (9 damage)
             ... on level 2 of the Dungeon.
             The game lasted 00:15:19 (2237 turns).

B1Gdaddy5 the Sneak (Kobold Delver)                 Turns: 2237, Time: 00:15:20

Health: -2/28      AC:  3    Str:  9    XL:     4   Next: 78%
Magic:  4/4        EV: 15    Int: 11    God:
Gold:   70         SH:  0    Dex: 17    Spells: 3/3 levels left

rFire    . . .     SeeInvis .   a - +0 short sword
rCold    . . .     Faith    .   (shield restricted)
rNeg     . . .     Spirit   .   b - +0 leather armour
rPois    .         Reflect  .   (no helmet)
rElec    .         Harm     .   (no cloak)
rCorr    .                      (no gloves)
MR       .....                  (no boots)
Stlth    +++++.....             (no amulet)
HPRegen  0.09/turn              (no ring)
MPRegen  0.09/turn              (no ring)

@: mighty
A: small, nightstalker 3
a: no special abilities


You were on level 2 of the Dungeon.
You visited 1 branch of the dungeon, and saw 5 of its levels.

You collected 70 gold pieces.

Inventory:

Hand Weapons
 a - a +0 short sword (weapon)
Missiles
 c - 24 poisoned darts (quivered)
Armour
 b - a +0 leather armour (worn)
Wands
 g - a wand of digging (1)
Scrolls
 j - a scroll of blinking {unknown}
 l - 2 scrolls of enchant armour {unknown}
 n - a scroll of remove curse {unknown}
 p - a scroll of teleportation {unknown}
Potions
 d - 2 potions of might
 e - a potion of heal wounds
 f - a potion of mutation {unknown}
 h - a potion of stabbing {unknown}
 i - 2 potions of invisibility
 k - a potion of curing {unknown}
 m - a potion of degeneration {unknown}
 o - a potion of flight {unknown}


   Skills:
 + Level 3.4 Fighting
 + Level 3.4 Short Blades
 - Level 1.0 Throwing
 + Level 1.0 Armour
 + Level 2.6 Dodging
 + Level 7.6 Stealth
 + Level 0.7 Evocations


You had 3 spell levels left.
You didn't know any spells.
Your spell library was empty.

Dungeon Overview and Level Annotations

Branches:
Dungeon (5/15)
 Temple: D:4-7

Altars:

Annotations:
D:2 Natasha
D:3 Jessica


Innate Abilities, Weirdness & Mutations

You are small and have problems with some larger weapons.
You are completely attuned to the shadows.


Message History

The adder is almost dead.
You feel sick. The adder barely misses you.
You hit the adder but do no damage.
The adder is almost dead.
You feel sick. The adder misses you.
You hit the adder.
You kill the adder!
You start resting.
You feel sick. x9
You are no longer poisoned.
You start resting.
Natasha, Servant of Life and Death comes into view.
You see here an adder corpse.
You feel very mighty all of a sudden.
Natasha stares at you and mumbles some strange words.
The magic dart hits you. Natasha claws you!
* * * LOW HITPOINT WARNING * * *
You closely miss Natasha. Natasha barely misses you.
You closely miss Natasha. Natasha claws you!
You die...

#.##.##.# #.##.##
..##.##.# #.##..#
#.##.##.# #.###.#
#.##.##.#### #.# #.#
#.....>..... #.# #.#
#..#.##.###.# #.# #.#
#..#.##.###.#.#†# #.#
......>.......#.###.#
................@##.#
..#..###.##.#...[h..#
............##...####
.#######.## ##.##
.#######.# #.#
.......((######.#
................#
#################


You could see Natasha.

Vanquished Creatures
  Natasha (D:2)
  2 adders (D:2)
  An ooze (D:1)
  A worm (D:1)
  3 leopard geckos
  2 giant cockroaches (D:2)
  6 hobgoblins
  4 bats
  3 frilled lizards
  3 goblins
  5 kobolds
  9 rats
40 creatures vanquished.

Notes
Turn   | Place    | Note
-------+----------+-------------------------------------------
     0 | D:5      | B1Gdaddy5 the Kobold Delver began the quest for the Orb.
     0 | D:5      | Reached XP level 1. HP: 14/14 MP: 1/1
    34 | D:5      | Noticed an orc wizard
    63 | D:3      | Noticed Jessica
    76 | D:3      | Noticed an orc wizard
    81 | D:3      | Noticed an orc priest
   176 | D:1      | Reached skill level 1 in Throwing
   176 | D:1      | Reached XP level 2. HP: 4/19 MP: 2/2
   664 | D:1      | Reached skill level 7 in Stealth
   953 | D:1      | Reached XP level 3. HP: 23/23 MP: 3/3
  1838 | D:2      | Noticed Natasha
  1850 | D:2      | Killed Natasha
  1850 | D:2      | Reached skill level 1 in Armour
  1850 | D:2      | Reached XP level 4. HP: 28/28 MP: 4/4
  2230 | D:2      | Noticed Natasha
  2237 | D:2      | Slain by Natasha

Illustrated notes

Levels and vault maps discovered:
D:1:      dpeg_arrival_pits, layout_loops_ring
D:2:      layout_loops_ring, uniq_natasha
D:3:      layout_rooms, glass_columns_c, uniq_sigmund, uniq_jessica,
          uniq_grinder
D:4:      layout_basic
D:5:      layout_gridville, gup_sewer_entry_spiral

Skill      XL: |  1  2  3 |
---------------+----------+-----
Throwing       | 1 |  1.0
Stealth        | 7 |  7.6
Short Blades   | 3 |  3.4
Armour         | 1 |  1.0
Fighting       | |  3.4
Dodging        | |  2.6
Evocations     | |  0.7

Action                   |  1- 3 |  4- 6 || total
-------------------------+-------+-------++-------
Melee: Short sword       |    84 |    25 ||   109
Throw: Dart              |    15 |       ||    15
Evoke: Wand              |     2 |       ||     2
  Use: Scroll            |     6 |       ||     6
       Potion            |     1 |     1 ||     2
 Stab: Sleeping          |    18 |     3 ||    21
Armor: Leather armour    |     8 |     2 ||    10
Dodge: Dodged            |    45 |    15 ||    60

Table legend: (Time is in decaauts)
 A = Elapsed time spent in this place.
 B = Non-inter-level travel time spent in this place.
 C = Inter-level travel time spent in this place.
 D = Time resting spent in this place.
 E = Time spent auto-exploring this place.
 F = Levels seen in this place.
 G = Mean time per level.
                   A        B        C        D        E       F      G
               +--------+--------+--------+--------+--------+-----+--------+
         Total |   2218 |   2182 |     36 |    694 |    912 |   5 |  443.6 |
       Dungeon |   2218 |   2182 |     36 |    694 |    912 |   5 |  443.6 |
               +--------+--------+--------+--------+--------+-----+--------+

Top non-repeatable levels by time:
     D:1: 1286 daAuts
     D:2: 847 daAuts
     D:5: 56 daAuts
     D:3: 22 daAuts
     D:4: 5 daAuts
